AoeStats
← Leão

African Clearing

504830100Analyzed
4v4 RM · 25d ago on Sep 6, 2026· 43m 25s· 8 players
Game mode
Random Map
Map size
Large (8 player)
Population
200
Speed
Normal
Resources
Standard
Victory
Conquest
Starting age
Dark Age
Ending age
Imperial Age
RankedLock teamsTeams togetherTeam positionsShared explorationLock speedFull tech treeHidden civsTurbo modeCheats
Victory
Defeat
🇧🇷 Berbers · Brazil
1269
+14
🇧🇷 Mongols · Brazil
1223
+15
🇧🇷 Persians · Brazil
1220
+16
🇧🇷 Malay · Brazil
1198
+17
🇧🇪 Cumans · Belgium
1244
-16
🇦🇷 Malians · Argentina
1241
-17
🇧🇷 Shu · Brazil
1220
-16
🇧🇪 Bohemians · Belgium
1145
-13
alwinmonteiro
4:34 Loom
14:33 Feudal Age
15:54 Double-Bit Axe
22:18 Castle Age
21:05 Fletching
21:15 Padded Archer Armor
23:09 Thumb Ring
22:33 Crossbowman
25:47 Bodkin Arrow
30:27 Leather Archer Armor
33:48 Ballistics
35:25 Bow Saw
39:04 Horse Collar
JC
3:52 Loom
15:05 Feudal Age
19:00 Castle Age
17:45 Forging
17:26 Double-Bit Axe
19:27 Padded Archer Armor
19:21 Fletching
19:32 Pikeman
23:19 Horse Collar
36:54 Imperial Age
36:08 Chemistry
39:00 Wheelbarrow
40:08 Ballistics
39:52 Halberdier
YouGotWalled
4:14 Loom
22:37 Feudal Age
28:15 Wheelbarrow
35:29 Double-Bit Axe
35:28 Horse Collar
42:11 Castle Age
41:34 Fletching
42:47 Bloodlines
42:44 Scale Barding Armor
42:51 Forging
Duck Rattlehead
4:34 Loom
15:32 Feudal Age
18:25 Fletching
27:14 Castle Age
BRAZILBIKINI
3:04 Loom
12:48 Feudal Age
13:46 Double-Bit Axe
18:28 Castle Age
21:37 Bow Saw
22:27 Gold Mining
26:05 Bloodlines
26:50 Scale Barding Armor
29:05 Chain Barding Armor
28:56 Forging
29:42 Horse Collar
30:54 Husbandry
32:12 Heavy Plow
33:07 Iron Casting
35:12 Wheelbarrow
36:44 Hand Cart
36:54 Town Watch
39:59 Imperial Age
39:20 Light Cavalry
39:48 Cavalier
41:05 Plate Barding Armor
42:41 Blast Furnace
41:40 Savar
44:02 Crop Rotation
43:35 Town Patrol
Leão
7:57 Loom
13:37 Feudal Age
14:14 Double-Bit Axe
17:13 Fletching
26:13 Castle Age
25:26 Padded Archer Armor
25:40 Gold Mining
25:41 Stone Mining
28:21 Horse Collar
29:22 Bow Saw
34:43 Bodkin Arrow
37:35 Leather Archer Armor
38:25 Wheelbarrow
37:35 Town Watch
39:28 Husbandry
40:52 Ballistics
42:52 Thumb Ring
42:58 Bloodlines
Portel4
3:44 Loom
11:40 Feudal Age
12:43 Double-Bit Axe
18:38 Forging
19:34 Scale Barding Armor
20:13 Bloodlines
20:26 Horse Collar
22:44 Wheelbarrow
25:04 Castle Age
27:05 Fletching
27:17 Padded Archer Armor
27:56 Bow Saw
28:07 Bodkin Arrow
29:08 Husbandry
30:44 Thumb Ring
31:07 Leather Archer Armor
31:29 Gold Mining
35:01 Town Watch
42:01 Imperial Age
39:49 Hand Cart
39:56 Hand Cart
41:31 Ballistics
42:38 Town Patrol
43:12 Parthian Tactics
44:27 Gold Shaft Mining
43:44 Stone Mining
LzDazz
10:16 Loom
12:27 Feudal Age
12:47 Man-at-Arms
23:13 Castle Age
23:36 Wheelbarrow
23:29 Double-Bit Axe
24:24 Forging
24:32 Squires
Connection lost

Rejoining the realm…

Still unreachable

The connection could not be restored.

Session expired

The server has moved on; the page needs a fresh start.